 Dungeon Crawl Stone Soup version 0.32-a0-876-gcfddb08e57 (webtiles) character file.

Game seed: 9076407173901090047

422 funkygono the Magician (level 6, -5/32 HPs)
             Began as a Deep Elf Fire Elementalist on Apr 1, 2024.
             Slain by an orc priest
             ... wielding a +0 club
              (6 damage)
             ... on level 4 of the Dungeon.
             The game lasted 00:04:38 (3840 turns).

funkygono the Magician (Deep Elf Fire Elementalist) Turns: 3840, Time: 00:04:38

Health: -5/32      AC:  3    Str:  5    XL:     6   Next: 63%
Magic:  5/17       EV: 12    Int: 22    God:
Gold:   171        SH:  0    Dex: 15    Spells: 10/17 levels left

rFire   . . .        t - +1 short sword (speed)
rCold   . . .        (no shield)
rNeg    . . .        a - +0 robe
rPois   +            (no helmet)
rElec   .            (no cloak)
rCorr   +            (no gloves)
SInv    .            s - +0 pair of boots
Will    .....        (no amulet)
Stlth   +++          c - ring of poison resistance
HPRegen 0.25/turn    f - ring of resist corrosion
MPRegen 0.15/turn

%: no passive effects
@: no status effects
A: no striking features
a: Convert to Beogh


You were on level 4 of the Dungeon.
You visited 1 branch of the dungeon, and saw 4 of its levels.

You collected 171 gold pieces.

Inventory:

Hand Weapons
 p - a +1 short sword of holy wrath
 t - a +1 short sword of speed (weapon)
Armour
 a - a +0 robe (worn)
 s - a +0 pair of boots (worn)
Jewellery
 c - a ring of poison resistance (left hand)
 f - a ring of resist corrosion (right hand)
Scrolls
 b - a scroll of torment {unknown}
 d - a scroll of vulnerability {unknown}
 e - a scroll of revelation {unknown}
 i - 3 scrolls of brand weapon {unknown}
 j - 2 scrolls of poison {unknown}
 k - a scroll of identify {unknown}
 l - 2 scrolls of teleportation {unknown}
 m - a scroll of enchant weapon {unknown}
 o - 2 scrolls of enchant armour {unknown}
 r - a scroll of fog {unknown}
Potions
 g - a potion of invisibility {unknown}
 h - a potion of berserk rage {unknown}
 n - 3 potions of curing {unknown}
 q - 2 potions of degeneration {unknown}


   Skills:
 + Level 2.8 Dodging
 + Level 3.8 Stealth
 + Level 6.4 Spellcasting
 + Level 2.7 Conjurations
 + Level 5.4 Fire Magic


You had 10 spell levels left.
You knew the following spells:

 Your Spells              Type           Power      Damage    Failure   Level
a - Foxfire               Conj/Fire      100%       2x1d9     1%          1
b - Scorch                Fire           60%        2d7       1%          2
c - Flame Wave            Conj/Fire      25%        2d8       16%         4

Your spell library contained the following spells:

 Spells                   Type           Power      Damage    Failure   Level
 Inner Flame              Hex/Fire       19%        N/A       9%          3
 Volatile Blastmotes      Fire/Tloc      38%        2d13      9%          3


Dungeon Overview and Level Annotations

Branches:
Dungeon (4/15)
 Temple: D:4-7

Altars:
Dithmenos
Xom

Shops:
D:4 =


Message History

Confirm with . or Enter, or press ? or * to list all spells.
You conjure some foxfire!
The foxfire hits the endoplasm.
The endoplasm is moderately wounded.
The orc closely misses you.
An orc priest comes into view. It is wielding a +0 club.
Casting: Foxfire (safe; 1% risk of failure)
Confirm with . or Enter, or press ? or * to list all spells.
You conjure some foxfire!
The foxfire hits the endoplasm.
You kill the endoplasm!
The orc hits you from afar with a +0 trident!
Casting: Foxfire (safe; 1% risk of failure)
Confirm with . or Enter, or press ? or * to list all spells.
Nothing appears to happen.
The foxfire hits the orc!
You kill the orc!
The foxfire hits the orc but does no damage.
The orc is almost dead.
Something hits you. The orc misses you.
Casting: Foxfire (safe; 1% risk of failure)
Confirm with . or Enter, or press ? or * to list all spells.
You conjure some foxfire!
Something hits you. The orc barely misses you.
Casting: Foxfire (safe; 1% risk of failure)
Confirm with . or Enter, or press ? or * to list all spells.
Nothing appears to happen.
The foxfire hits the orc.
You kill the orc!
The foxfire hits the orc priest but does no damage.
The orc priest closely misses you. Something hits you.
Unknown command.
Casting: Foxfire (safe; 1% risk of failure)
Confirm with . or Enter, or press ? or * to list all spells.
Flames lash the orc priest.
The orc priest is moderately wounded.
The orc priest's fire resistance burns away.
The orc priest shouts, "The Pantheon deserves no one's loyalty.
Let us show you the true path!"
You hear some strange, mumbled words.
A puff of flame appears from out of thin air!
The puff of flame hits you!
* * * LOW HITPOINT WARNING * * *
The orc priest shouts, "Surrender to Beogh and we'll let you live!"
The orc priest hits you with a +0 club.
You die...

#........##.# #.#
#.#########.####..
#.# #.##...#
#.#########....###
#.##.......##..# #
#.##......)'..>#
...
#.##.......#####
.....##ยง##.......#
####
.......@##.......#
#...
.....)o{###'######
#.## ....)...# #.#
#.# .....##.# #.#
#.# ####. #.#
#.#########.# # #.#
#...........# #.#
############# #.#


You could see an orc priest (combustible).

Vanquished Creatures
  Grinder (D:4)
  2 orc priests (D:3)
  A bombardier beetle (D:3)
  4 adders
  A ribbon worm (D:3)
  4 dart slugs (D:1)
  8 orcs
  3 ball pythons
  7 bats
  6 endoplasms
  4 giant cockroaches
  3 goblins
  5 hobgoblins
  5 jackals
  2 quokkas (D:1)
  4 frilled lizards
  12 kobolds
  8 rats
80 creatures vanquished.

Vanquished Creatures (others)
  221 foxfires
221 creatures vanquished.

Grand Total: 301 creatures vanquished

Notes
Turn   | Place    | Note
-------+----------+-------------------------------------------
     0 | D:1      | funkygono the Deep Elf Fire Elementalist began the quest
                  | for the Orb.
     0 | D:1      | Reached XP level 1. HP: 10/10 MP: 6/6
   237 | D:1      | Reached XP level 2. HP: 15/15 MP: 2/8
   396 | D:1      | You fall into a shaft and drop 1 floor!
   438 | D:1      | Learned a level 2 spell: Scorch
   881 | D:1      | Reached XP level 3. HP: 19/19 MP: 6/10
  1699 | D:2      | Found a shadowy altar of Dithmenos.
  1991 | D:2      | Found a faded altar of an unknown god.
  2089 | D:2      | Reached skill level 4 in Spellcasting
  2307 | D:3      | Reached XP level 4. HP: 24/24 MP: 8/12
  2877 | D:3      | Found a shimmering altar of Xom.
  2976 | D:3      | Reached skill level 5 in Spellcasting
  2976 | D:3      | Reached XP level 5. HP: 21/28 MP: 0/14
  3437 | D:4      | Found Zorphill's Jewellery Shop.
  3499 | D:4      | Noticed Grinder
  3534 | D:4      | Killed Grinder
  3535 | D:4      | Reached skill level 6 in Spellcasting
  3535 | D:4      | Reached skill level 5 in Fire Magic
  3535 | D:4      | Reached XP level 6. HP: 32/32 MP: 3/17
  3642 | D:4      | Learned a level 4 spell: Flame Wave
  3840 | D:4      | HP: 1/32 [something/puff of flame (11)]
  3840 | D:4      | Slain by an orc priest

Illustrated notes

Levels and vault maps discovered:
D:1:      dpeg_arrival_radiant, layout_loops_corners, minmay_cupped
D:2:      layout_loops_ring, basic_altar, hellmonk_ecumenical_altar_crossroads,
          wad_floor_pattern_2
D:3:      layout_basic, mainiacjoe_overflow_alcove_1
D:4:      layout_basic, serial_shops, shop, minmay_misc_feat_cross,
          uniq_grinder, uniq_crazy_yiuf_cottage

Skill      XL: |  1  2  3  4  5 |
---------------+----------------+-----
Stealth        | 3 |  3.8
Fire Magic     | 4 5 |  5.4
Spellcasting   | 4 5 6 |  6.4
Conjurations   | 2 |  2.7
Dodging        | |  2.8

Action                     |  1- 3 |  4- 6 || total
---------------------------+-------+-------++-------
   Cast: Foxfire           |    74 |    57 ||   131
         Scorch            |    11 |    13 ||    24
    Use: Potion            |       |     1 ||     1
 Armour: Robe              |    14 |    19 ||    33
  Dodge: Dodged            |    19 |    11 ||    30

Table legend: (Time is in decaauts)
 A = Elapsed time spent in this place.
 B = Non-inter-level travel time spent in this place.
 C = Inter-level travel time spent in this place.
 D = Time resting spent in this place.
 E = Time spent auto-exploring this place.
 F = Levels seen in this place.
 G = Mean time per level.
                   A        B        C        D        E       F      G
               +--------+--------+--------+--------+--------+-----+--------+
         Total |   3836 |   3770 |     66 |      0 |   3331 |   4 |  959.0 |
       Dungeon |   3836 |   3770 |     66 |      0 |   3331 |   4 |  959.0 |
               +--------+--------+--------+--------+--------+-----+--------+

Top non-repeatable levels by time:
     D:1: 1435 daAuts
     D:3: 1107 daAuts
     D:2: 841 daAuts
     D:4: 451 daAuts
